 Dungeon Sprint DCSS version 0.23.2-1-ga50397a6bc (webtiles) character file.

Game seed: 12456594666453778477

5970 Kobolds4U the Fencer (level 10, 0/154 HPs)
             Began as a Minotaur Berserker on May 9, 2019.
             Was a High Priest of Trog.
             Slain by a 15-headed hydra (6 damage)
             ... in the Dungeon (Sprint I: "Red Sonja").
             The game lasted 00:06:37 (1767 turns).

Kobolds4U the Fencer (Minotaur Berserker)           Turns: 1767, Time: 00:06:37

Health: 0/154      AC:  6    Str: 26    XL:     10   Next: 55%
Magic:  3/3        EV: 26    Int:  4    God:    Trog [*****.]
Gold:   353        SH:  0    Dex: 19    Spells: 9/9 levels left

rFire    . . .     SeeInvis .   c - +2 great sword (antimagic)
rCold    . . .     Gourm    .   (shield currently unavailable)
rNeg     . . .     Faith    .   k - +0 scale mail
rPois    .         Spirit   .   (helmet restricted)
rElec    .         Reflect  .   (no cloak)
rCorr    .         Harm     .   (no gloves)
MR       .....     NoTele   +   (no boots)
Stlth    ..........             (no amulet)
HPRegen  0.35/turn              (no ring)
MPRegen  0.08/turn              (no ring)

@: agile, berserking, hasted, very quick
A: retaliatory headbutt, horns 2
a: Berserk, Trog's Hand, Brothers in Arms, Renounce Religion


You were in the Dungeon.
You worshipped Trog.
Trog was extremely pleased with you.
You were hungry.

You visited 1 branch You collected 689 gold pieces.
You spent 336 gold pieces at shops.

Inventory:

Hand Weapons
 c - a +2 antimagic great sword (weapon)
 o - a +2 battleaxe of draining
Armour
 b - a +0 animal skin
 k - a +0 scale mail (worn)
Wands
 j - a wand of polymorph (6)
Scrolls
 i - a scroll of remove curse {unknown}
 l - a scroll of identify {unknown}
Potions
 d - a potion of curing
 e - 3 potions of heal wounds
 f - a potion of haste
 g - 2 potions of magic
 h - a potion of berserk rage
 n - a potion of agility
Comestibles
 a - a chunk of flesh


   Skills:
 + Level 14.2 Fighting
 * Level 20.2 Long Blades
 - Level 2.4 Armour
 + Level 13.7 Dodging


You had 9 spell levels left.
You didn't know any spells.
Your spell library was empty.

Dungeon Overview and Level Annotations

Branches:
Dungeon (1/1)

Altars:
Cheibriados
Dithmenos
Elyvilon
Fedhas
Gozag
Hepliaklqana
Kikubaaqudgha
Makhleb
Nemelex Xobeh
Okawaru
Qazlal
Ru
Sif Muna
Trog
Uskayaw
Vehumet
Wu Jian
Xom
Yredelemnul
Zin
The Shining One
Jiyva
Lugonu

Shops:
D !


Innate Abilities, Weirdness & Mutations

You reflexively headbutt those who attack you in melee.
You have a pair of horns on your head.


Message History

You hack one of the 13-headed hydra's heads off!
The 12-headed hydra grows two more!
You slash the 14-headed hydra! You headbutt the 14-headed hydra!
The 14-headed hydra is moderately wounded.
You hack one of the 14-headed hydra's heads off!
The 13-headed hydra grows two more!
You slash the 15-headed hydra!
The 15-headed hydra is moderately wounded.
The floating eye's stare focuses on you.
The 15-headed hydra bites you.
* * * LOW HITPOINT WARNING * * *
The 15-headed hydra bites you!
* * * LOW HITPOINT WARNING * * *
The 15-headed hydra misses you. The 15-headed hydra closely misses you.
The 15-headed hydra misses you.
The 15-headed hydra completely misses you.
The 15-headed hydra bites you but does no damage.
The 15-headed hydra misses you.
The 15-headed hydra barely misses you. x2
The 15-headed hydra completely misses you.
The 15-headed hydra bites you.
You die...

############################
__#..')..#..#§§§@DG.§§§§'.$#
..'..#)..##'#§####§§§§.##$.+
__####...'§§#.# ##§§§## ##
###.§#####§§§.# ###+#
§≈§§.#..##+####
§§)§§'§.#°°..^#
§≈§§§#§.#°°.^.+
#+#####+###○.°# .○.#


You could see a 15-headed hydra and a floating eye.

Vanquished Creatures
  A centaur warrior (D)
  A lindwurm (D)
  A gargoyle (D)
  2 kobold demonologists (D)
  4 demonic crawlers (D)
  A hornet (D)
  A slime creature (D)
  Sigmund (D)
  13 hogs (D)
  A yak (D)
  A floating eye (D)
  An ogre (D)
  A jelly (D)
  Ijyb (D)
30 creatures vanquished.

Vanquished Creatures (collateral kills)
  A centaur warrior (D)
1 creature vanquished.

Vanquished Creatures (others)
  A gargoyle (D)
1 creature vanquished.

Grand Total: 32 creatures vanquished

Notes
Turn   | Place    | Note
-------+----------+-------------------------------------------
     0 | D        | Kobolds4U the Minotaur Berserker began the quest for the
                  | Orb.
     0 | D        | Reached XP level 1. HP: 19/19 MP: 0/0
     1 | D        | Noticed Ijyb
    27 | D        | Killed Ijyb
    27 | D        | Reached skill level 5 in Fighting
    27 | D        | Reached skill level 6 in Long Blades
    27 | D        | Reached XP level 2. HP: 13/29 MP: 1/1
   217 | D        | Noticed an ogre
   220 | D        | Killed an ogre
   220 | D        | Reached skill level 9 in Long Blades
   220 | D        | Reached XP level 3. HP: 38/38 MP: 2/2
   220 | D        | Reached XP level 4. HP: 45/45 MP: 3/3
   230 | D        | Noticed Sigmund
   236 | D        | Killed Sigmund
   236 | D        | Reached ** piety under Trog
   236 | D        | Reached skill level 11 in Long Blades
   236 | D        | Reached XP level 5. HP: 49/56 MP: 4/4
   261 | D        | Found an ornate altar of the Wu Jian Council.
   261 | D        | Found a deep blue altar of Sif Muna.
   263 | D        | Found a radiant altar of Vehumet.
   267 | D        | Reached XP level 6. HP: 56/62 MP: 5/5
   291 | D        | Found Dayx's Distillery.
   291 | D        | Found an ancient bone altar of Kikubaaqudgha.
   291 | D        | Found a hazy altar of Hepliaklqana.
   291 | D        | Found a stormy altar of Qazlal.
   291 | D        | Found a hide-covered altar of Uskayaw.
   291 | D        | Found a blossoming altar of Fedhas.
   291 | D        | Found a bloodstained altar of Trog.
   291 | D        | Found an iron altar of Okawaru.
   291 | D        | Found a basalt altar of Yredelemnul.
   291 | D        | Found a glowing golden altar of the Shining One.
   291 | D        | Found a snail-covered altar of Cheibriados.
   291 | D        | Found a sacrificial altar of Ru.
   291 | D        | Found a glowing silver altar of Zin.
   291 | D        | Found a shadowy altar of Dithmenos.
   291 | D        | Found a white marble altar of Elyvilon.
   291 | D        | Noticed a yak
   297 | D        | Killed a yak
   297 | D        | Reached skill level 12 in Long Blades
   298 | D        | Found an opulent altar of Gozag.
   301 | D        | Found a sparkling altar of Nemelex Xobeh.
   305 | D        | Bought 2 potions of heal wounds for 120 gold pieces
   305 | D        | Bought a potion of agility for 48 gold pieces
   315 | D        | Found a viscous altar of Jiyva.
   315 | D        | Found a corrupted altar of Lugonu.
   315 | D        | Noticed a slime creature
   316 | D        | Found a burning altar of Makhleb.
   316 | D        | Found a shimmering altar of Xom.
   323 | D        | Killed a slime creature
   323 | D        | Reached *** piety under Trog
   323 | D        | Reached skill level 10 in Fighting
   323 | D        | Reached skill level 13 in Long Blades
   323 | D        | Reached XP level 7. HP: 72/72 MP: 6/6
   336 | D        | Noticed a kobold demonologist
   336 | D        | Noticed a kobold demonologist
   339 | D        | Paralysed by a floating eye for 2 turns
   341 | D        | Noticed an ice devil
   341 | D        | Noticed an orange demon
   343 | D        | Reached skill level 14 in Long Blades
   353 | D        | Killed a kobold demonologist
   361 | D        | Noticed an orange demon
   361 | D        | Killed a kobold demonologist
   361 | D        | Reached **** piety under Trog
   361 | D        | Reached skill level 15 in Long Blades
   361 | D        | Reached skill level 10 in Dodging
   361 | D        | Reached XP level 8. HP: 79/79 MP: 7/7
   411 | D        | Noticed a demonic crawler
   411 | D        | Noticed a demonic crawler
   411 | D        | Noticed a demonic crawler
   411 | D        | Noticed a demonic crawler
   422 | D        | Killed a demonic crawler
   422 | D        | Reached skill level 16 in Long Blades
   430 | D        | Killed a demonic crawler
   438 | D        | Killed a demonic crawler
   438 | D        | Reached ***** piety under Trog
   445 | D        | Killed a demonic crawler
   445 | D        | Reached skill level 17 in Long Blades
   445 | D        | Reached XP level 9. HP: 18/90 MP: 8/8
   736 | D        | Noticed a lindwurm
   751 | D        | Killed a lindwurm
   751 | D        | Reached skill level 18 in Long Blades
   840 | D        | Killed a gargoyle
  1001 | D        | Received a gift from Trog
  1007 | D        | Reached ****** piety under Trog
  1015 | D        | Reached skill level 19 in Long Blades
  1015 | D        | Reached XP level 10. HP: 86/101 MP: 9/9
  1024 | D        | Received a gift from Trog
  1095 | D        | Noticed a 12-headed hydra
  1097 | D        | HP: 1/101 [13-headed hydra (5)]
  1102 | D        | Paralysed by a floating eye for 2 turns
  1390 | D        | Noticed a gargoyle
  1399 | D        | Killed a gargoyle
  1534 | D        | Noticed a centaur warrior
  1535 | D        | Noticed a centaur warrior
  1544 | D        | Killed a centaur warrior
  1545 | D        | Killed a centaur warrior
  1545 | D        | Reached skill level 20 in Long Blades
  1733 | D        | Bought a potion of haste for 120 gold pieces
  1733 | D        | Bought a potion of agility for 48 gold pieces
  1767 | D        | HP: 6/154 [15-headed hydra (14)]
  1767 | D        | Slain by a 15-headed hydra

Skill      XL: |  1  2  3  4  5  6  7  8  9 10 |
---------------+-------------------------------+-----
Fighting       | 5 6 8 10 11 13 14 | 14.2
Long Blades    | 6 9 11 13 15 17 19 20 | 20.2
Dodging        | 4 6 8 10 11 12 13 | 13.7
Armour         | |  2.4

Action                   |  1- 3 |  4- 6 |  7- 9 | 10-12 || total
-------------------------+-------+-------+-------+-------++-------
Melee: Unarmed           |    14 |       |       |       ||    14
       Falchion          |    12 |    20 |   108 |       ||   140
       Headbutt          |     3 |     9 |    35 |     5 ||    52
       Great sword       |       |       |       |    20 ||    20
Invok: Berserk           |     1 |       |     2 |     1 ||     4
       Trog's Hand       |       |       |       |     2 ||     2
       Brothers in Arms  |       |       |       |     2 ||     2
  Use: Potion            |       |       |       |     2 ||     2
       Scroll            |       |       |       |     1 ||     1
  Eat: Chunk             |       |       |     1 |     3 ||     4
       Ration            |       |       |     1 |       ||     1
Armor: Animal skin       |     3 |       |       |       ||     3
       Scale mail        |       |     3 |    28 |    15 ||    46
Dodge: Dodged            |    12 |    10 |    69 |    59 ||   150
       Rpst.: Falchion   |       |     2 |    10 |     1 ||    13
       Great sword       |       |       |       |     5 ||     5
